 Dungeon Crawl Stone Soup version 0.20-a0-1122-gb7cbeb9 (webtiles) character file.

2117 sepiko the Destroyer (level 9, -2/62 HPs)
             Began as a Grey Draconian Conjurer on May 12, 2017.
             Was a Believer of Kikubaaqudgha.
             Slain by a two-headed ogre
             ... wielding a +0 giant spiked club
              (12 damage)
             ... on level 6 of the Dungeon.
             The game lasted 00:27:32 (7456 turns).

sepiko the Destroyer (Grey Draconian Conjurer)      Turns: 7456, Time: 00:27:33

Health: -2/62      AC: 14    Str: 11    XL:     9   Next: 8%
Magic:  7/17       EV: 12    Int: 18    God:    Kikubaaqudgha [**....]
Gold:   411        SH:  2    Dex: 12    Spells: 11/19 levels left

rFire    . . .     SeeInvis .   v - +2 short sword (drain)
rCold    + . .     Gourm    .   (no shield)
rNeg     . . .     Faith    .   (armour unavailable)
rPois    .         Spirit   .   (helmet restricted)
rElec    .         Reflect  +   A - +1 cloak
rCorr    .         Harm     .   (no gloves)
MR       .....                  (no boots)
Stlth    ++........             o - +2 amulet of reflection
Regen    0.2/turn               r - ring of protection from cold
MPRegen  0.2/turn               (no ring)

@: no status effects
A: walk through water, unfitting armour, unbreathing, cold-blooded, AC +12
a: Receive Corpses, Renounce Religion


You were on level 6 of the Dungeon.
You worshipped Kikubaaqudgha.
Kikubaaqudgha was pleased with you.
You were hungry.

You visited 1 branch of the dungeon, and saw 6 of its levels.
You also visited: Sewer.

You collected 411 gold pieces.

Inventory:

Hand Weapons
 j - a +0 dagger
 v - a +2 short sword of draining (weapon)
Armour
 A - a +1 cloak (worn)
Magical Staves
 F - an uncursed staff of earth
Jewellery
 o - a +2 amulet of reflection (around neck)
 r - a ring of protection from cold (left hand)
 C - an uncursed ring of protection from magic {unknown}
Scrolls
 e - 11 scrolls of identify
 f - a scroll of blinking
 g - 2 scrolls of remove curse
 i - 2 scrolls of magic mapping
 k - 4 scrolls of enchant weapon
 m - 2 scrolls of recharging
 E - a scroll of fear
Potions
 d - a potion of haste
 h - 2 potions of curing
 p - a potion of invisibility
 q - 2 potions of flight
 s - 2 potions of brilliance {unknown}
 u - 3 potions of might {unknown}
 w - a potion of mutation {unknown}
 z - 4 potions of heal wounds {unknown}
 B - 3 potions of agility {unknown}
Books
 a - a book of Conjurations

   Spells                             Type                      Level
   a - Magic Dart                     Conjuration                  1
   b - Searing Ray                    Conjuration                  2
   c - Dazzling Spray                 Conjuration/Hexes            3
   d - Fulminant Prism                Conjuration/Hexes            4
   e - Force Lance                    Conjuration/Translocation    4
   f - Iskenderun's Mystic Blast      Conjuration                  4
 t - a book of Changes

   Spells                             Type                      Level
   a - Beastly Appendage              Transmutation                1
   b - Sticks to Snakes               Transmutation                2
   c - Spider Form                    Transmutation/Poison         3
   d - Ice Form                       Ice/Transmutation            4
   e - Blade Hands                    Transmutation                5
 y - Vehumet's Guide on Battle Magic
   (You found it on level 4 of the Dungeon)

   Spells                             Type                      Level
   a - Magic Dart                     Conjuration                  1
 D - Kikubaaqudgha's Papyrus of Sinister Magic
   (Kikubaaqudgha gifted it to you in a sewer)

   Spells                             Type                      Level
   a - Pain                           Necromancy                   1
   b - Corpse Rot                     Necromancy                   2
   c - Sublimation of Blood           Necromancy                   2
   d - Vampiric Draining              Necromancy                   3
   e - Control Undead                 Necromancy                   4
Comestibles
 b - 2 bread rations
 c - 2 meat rations
 l - a royal jelly
 n - a chunk of flesh
 x - 6 fruits


   Skills:
 - Level 1.7 Dodging
 - Level 1.7 Stealth
 + Level 5.5 Spellcasting
 - Level 9.3 Conjurations
 - Level 5.6 Hexes


You had 11 spell levels left.
You knew the following spells:

 Your Spells              Type           Power        Failure   Level  Hunger
a - Magic Dart            Conj           ####         1%          1    None
b - Dazzling Spray        Conj/Hex       ####..       1%          3    ##.....
c - Fulminant Prism       Conj/Hex       ####......   5%          4    ####...


Dungeon Overview and Level Annotations

Branches:
Dungeon (6/15)
 Temple: D:4-7

Altars:
Fedhas
Kikubaaqudgha
Makhleb
Sif Muna
Vehumet

Annotations:
D:6 1 runed door


Innate Abilities, Weirdness & Mutations

You can walk through water.
Your dull iron-grey scales are very hard. (AC +12)
You cannot fit into any form of body armour.
You can survive without breathing.
You are cold-blooded and may be slowed by cold attacks.


Message History

The magic dart hits the two-headed ogre.
The two-headed ogre is heavily wounded.
The giant cockroach bites you but does no damage.
The two-headed ogre closely misses you.
The two-headed ogre hits you with a giant club!!
* * * LOW HITPOINT WARNING * * *
Okay, then.
You feel better. The giant cockroach closely misses you.
The giant cockroach bites you but does no damage.
Casting: Magic Dart
Confirm with . or Enter, or press ? or * to list all spells.
Aiming: Magic Dart
Press: ? - help, Shift-Dir - straight line, f/p - two-headed ogre
Aim: a two-headed ogre, wielding a giant spiked club and a giant club (heavily wounded)
The magic dart hits the two-headed ogre.
The two-headed ogre is heavily wounded.
The two-headed ogre misses you.
The two-headed ogre hits you with a giant club!
You die...
Kikubaaqudgha rasps: "You have failed me!
Welcome... death!"

###....#########
+...............
###....#########
#.#.###### #
#........# #
#..#####.# #
#..# #
#######..#### #
#.s@O.......# #
#.######..#.# #
.. .<.# # # ...
#.... # ...
#..#.# # ##
#....# # #..###
..#


You could see a two-headed ogre and a giant cockroach.

Vanquished Creatures
  Sigmund (D:5)
  An ice beast (D:6)
  2 sky beasts (D:5)
  An ogre (D:5)
  3 centaurs (D:5)
  5 big kobolds (Sewer)
  A bullfrog (D:5)
  A scorpion (D:5)
  A howler monkey (D:5)
  A bullfrog zombie (D:5)
  A crimson imp (D:6)
  A jelly (D:5)
  3 hounds
  5 orc wizards
  A bullfrog skeleton (D:5)
  A centaur skeleton (D:5)
  Natasha (thrice) (D:2)
  4 worker ants
  A hound zombie (D:5)
  A hound skeleton (D:4)
  A howler monkey zombie (D:6)
  A worker ant zombie (D:5)
  9 adders
  A shadow imp (D:5)
  4 oozes
  2 adder skeletons
  2 worms
  8 leopard geckos
  13 orcs
  4 ball pythons
  7 giant cockroaches
  6 goblins
  7 hobgoblins
  17 jackals
  2 quokkas
  14 bats
  4 frilled lizards
  15 kobolds
  9 rats
  A fungus (D:6)
165 creatures vanquished.

Vanquished Creatures (others)
  4 fulminant prisms
4 creatures vanquished.

Grand Total: 169 creatures vanquished

Notes
Turn   | Place    | Note
-------+----------+-------------------------------------------
     0 | D:1      | sepiko the Draconian Conjurer began the quest for the Orb.
     0 | D:1      | Reached XP level 1. HP: 14/14 MP: 3/3
   112 | D:1      | Reached XP level 2. HP: 16/20 MP: 0/5
   836 | D:1      | Reached skill level 5 in Conjurations
   836 | D:1      | Reached XP level 3. HP: 23/26 MP: 6/6
  1396 | D:2      | Found a burning altar of Makhleb.
  1396 | D:2      | Noticed Natasha
  1403 | D:2      | Killed Natasha
  1403 | D:2      | Reached XP level 4. HP: 33/33 MP: 0/7
  1464 | D:2      | Noticed Natasha
  1478 | D:2      | Killed Natasha
  1478 | D:2      | Reached skill level 6 in Conjurations
  1533 | D:2      | Noticed Natasha
  1535 | D:2      | Killed Natasha
  1613 | D:2      | Reached XP level 5. HP: 36/38 MP: 0/8
  2577 | D:3      | Reached skill level 7 in Conjurations
  2780 | D:3      | You fall through a shaft for 3 floors!
  2824 | D:6      | Reached XP level 6. HP: 29/45 MP: 1/9
  2837 | D:5      | Entered Level 5 of the Dungeon
  3100 | D:4      | Found a radiant altar of Vehumet.
  3104 | D:4      | Identified Vehumet's Guide on Battle Magic
  3107 | D:4      | Found an ancient bone altar of Kikubaaqudgha.
  3108 | D:4      | Found a deep blue altar of Sif Muna.
  3115 | D:4      | Became a worshipper of Kikubaaqudgha
  3482 | D:4      | Found a glowing drain.
  3522 | Sewer    | Entered a sewer
  3559 | Sewer    | Reached skill level 8 in Conjurations
  3689 | Sewer    | Your scales start taking on a dull iron-grey colour.
  3689 | Sewer    | Reached XP level 7. HP: 9/50 MP: 0/10
  3689 | Sewer    | Gained mutation: You can survive without breathing. [Grey Draconian growth]
  4074 | Sewer    | Reached * piety under Kikubaaqudgha
  4074 | Sewer    | Identified Kikubaaqudgha's Papyrus of Sinister Magic (Kikubaaqudgha gifted it to you in a sewer)
  4074 | Sewer    | Received a gift from Kikubaaqudgha
  4120 | Sewer    | Reached skill level 9 in Conjurations
  4280 | D:4      | Learned a level 3 spell: Dazzling Spray
  4495 | D:5      | Reached skill level 1 in Hexes
  4944 | D:5      | Found a blossoming altar of Fedhas.
  4964 | D:4      | HP: 2/50 [poisoned by a worker ant]
  4971 | D:4      | HP: 2/50 [poisoned by a worker ant]
  4977 | D:4      | HP: 2/50 [poisoned by a worker ant]
  5558 | D:5      | Reached XP level 8. HP: 57/57 MP: 1/11
  5750 | D:5      | Noticed Sigmund
  6094 | D:5      | Learned a level 4 spell: Fulminant Prism
  6171 | D:5      | Reached skill level 5 in Hexes
  6230 | D:5      | Reached ** piety under Kikubaaqudgha
  6919 | D:5      | Killed Sigmund
  7222 | D:5      | Reached skill level 5 in Spellcasting
  7222 | D:5      | Reached XP level 9. HP: 60/62 MP: 14/16
  7281 | D:6      | Found a runed door.
  7444 | D:6      | Noticed a two-headed ogre
  7454 | D:6      | HP: 1/62 [two-headed ogre/giant spiked club (20)]
  7456 | D:6      | Slain by a two-headed ogre

Vault maps used:
D:1:      tarquinn_simple_flora_water_c
D:2:      lightli_temple_of_fire, first_bread, minivault_26,
          minmay_tiny_reverse_x, uniq_natasha
D:3:      minmay_vboxes
D:4:      grunt_temple_overflow_magic_moments, portal_sewer_entry_f
D:5:      kennysheep_windowed_halls, serial_corexii_hall,
          corexii_hall_statues_l, corexii_hall_statues_l,
          corexii_hall_statues_deadend, fedhas_altar_1, uniq_sigmund
D:6:      uniq_crazy_yiuf_cottage
Sewer:    kennysheep_pipe_town

Skill      XL: |  1  2  3  4  5  6  7  8 |
---------------+-------------------------+-----
Conjurations   | 5 6 7 8 9 |  9.3
Hexes          | 3 5 |  5.6
Spellcasting   | 5 |  5.5
Dodging        | |  1.7
Stealth        | |  1.7

Action                   |  1- 3 |  4- 6 |  7- 9 || total
-------------------------+-------+-------+-------++-------
Melee: Unarmed           |    19 |       |       ||    19
       Tailslap          |     9 |    15 |    15 ||    39
       Club              |    13 |       |       ||    13
       Dagger            |    34 |    56 |       ||    90
       Short sword       |       |    81 |   166 ||   247
 Cast: Magic Dart        |    43 |   122 |   189 ||   354
       Dazzling Spray    |       |       |     6 ||     6
       Fulminant Prism   |       |       |     4 ||     4
  Use: Scroll            |     2 |       |    11 ||    13
       Potion            |       |     2 |     4 ||     6
 Stab: Sleeping          |     1 |     1 |       ||     2
  Eat: Chunk             |     2 |     8 |     4 ||    14
       Bread ration      |       |     1 |     2 ||     3
Armor: Skin              |    32 |    74 |   182 ||   288
Dodge: Dodged            |    61 |   171 |   226 ||   458
Block: Other             |       |    15 |    28 ||    43
       Reflection        |       |       |     2 ||     2
